 Dungeon Crawl Stone Soup version 0.20.1-1-g8b1a95d (webtiles) character file.

81 PotatoMcWhiskey the Sneak (level 4, -5/36 HPs)
             Began as a Draconian Assassin on Oct 25, 2017.
             Was an Initiate of Nemelex Xobeh.
             Slain by a killer bee (6 damage)
             ... summoned by the player character
             ... on level 2 of the Dungeon.
             The game lasted 00:09:26 (1339 turns).

PotatoMcWhiskey the Sneak (Draconian Assassin)      Turns: 1339, Time: 00:09:27

Health: -5/36      AC:  6    Str: 13    XL:     4   Next: 20%
Magic:  5/5        EV: 11    Int: 12    God:    Nemelex Xobeh [......]
Gold:   84         SH:  0    Dex: 13    Spells: 3/3 levels left

rFire    . . .     SeeInvis .   a - +2 dagger
rCold    . . .     Gourm    .   (no shield)
rNeg     . . .     Faith    .   (armour unavailable)
rPois    .         Spirit   .   (helmet restricted)
rElec    .         Reflect  .   c - +0 cloak
rCorr    .         Harm     .   (no gloves)
MR       .....                  (no boots)
Stlth    ++........             (no amulet)
Regen    0.2/turn               (no ring)
MPRegen  0.1/turn               (no ring)

@: no status effects
A: unfitting armour, cold-blooded, AC +5
a: Renounce Religion


You were on level 2 of the Dungeon.
You worshipped Nemelex Xobeh.
Nemelex Xobeh was noncommittal.
You were not hungry.

You visited 1 branch of the dungeon, and saw 3 of its levels.

You collected 84 gold pieces.

Inventory:

Hand Weapons
 a - a +2 dagger (weapon)
 b - a +0 blowgun
Missiles
 d - 6 poisoned needles (quivered)
 e - 2 curare-tipped needles
Armour
 c - a +0 cloak (worn)
Scrolls
 h - a scroll of remove curse {unknown}
 i - 3 scrolls of teleportation {unknown}
 j - a scroll of enchant weapon {unknown}
 k - 5 scrolls of identify {unknown}
 n - a scroll of recharging {unknown}
Potions
 g - 3 potions of mutation {unknown}
 p - 2 potions of lignification {unknown}
 q - a potion of flight {unknown}
 r - a potion of degeneration {unknown}
Miscellaneous
 m - a plain deck of summoning {drawn: 3}
Comestibles
 f - 3 bread rations
 l - 3 fruits
 o - 2 royal jellies
 s - a chunk of flesh


   Skills:
 - Level 2.1 Fighting
 * Level 3.3 Short Blades
 - Level 1.7 Throwing
 - Level 0.8 Dodging
 + Level 4.0 Stealth
 * Level 2.4 Invocations


You had 3 spell levels left.
You didn't know any spells.

Dungeon Overview and Level Annotations

Branches:
Dungeon (3/15)

Altars:
Nemelex Xobeh
Okawaru


Innate Abilities, Weirdness & Mutations

Your plain brown scales are hard. (AC +5)
You cannot fit into any form of body armour.
You are cold-blooded and may be slowed by cold attacks.


Message History

You swap places.
Your killer bee misses the killer bee.
The killer bee stings your killer bee!
Your killer bee barely misses the killer bee.
The killer bee completely misses your killer bee.
Your killer bee completely misses the killer bee.
Something completely misses your killer bee.
The killer bee completely misses your killer bee.
Your killer bee stings the killer bee.
Your killer bee barely misses the killer bee.
The killer bee stings your killer bee but does no damage.
The killer bee stings your killer bee.
Your killer bee is poisoned.
The killer bee poisons your killer bee!
Your killer bee misses the killer bee.
Your killer bee dies!
Your killer bee's corpse disappears in a puff of smoke!
The killer bee stings you.
* * * LOW HITPOINT WARNING * * *
The killer bee stings you.
You die...
Your body disappears without a glow.

#.# #..# #.### #.# #..#
#.# #######.#####..##
#.#
#...h...........###.###
#(##.########..........
#g##g# ##...######
#h##.# ##...######
#.##.########..รท......#
#.##.y@.....#.#####.#.#
#.#########.#.# #....
#.### #.#.# #.... #...##
#.#.# #....
###...######.#.#####.#.#
#............#.......#.#
#.#...###########.####.#
#.##.## #.# #.#
#.##.####### #.# #.#


You could see a killer bee.

Vanquished Creatures
  3 adders
  2 worms
  A leopard gecko (D:2)
  2 bats
  A giant cockroach (D:1)
  6 goblins
  3 hobgoblins
  6 jackals (D:2)
  4 kobolds
  A ball python (D:2)
  2 frilled lizards
  2 rats
33 creatures vanquished.

Vanquished Creatures (collateral kills)
  Terence (D:2)
1 creature vanquished.

Grand Total: 34 creatures vanquished

Notes
Turn   | Place    | Note
-------+----------+-------------------------------------------
     0 | D:1      | PotatoMcWhiskey the Draconian Assassin began the quest for the Orb.
     0 | D:1      | Reached XP level 1. HP: 17/17 MP: 1/1
   186 | D:1      | Reached XP level 2. HP: 24/24 MP: 2/2
   241 | D:1      | Found a sparkling altar of Nemelex Xobeh.
   245 | D:1      | Became a worshipper of Nemelex Xobeh the Trickster
   251 | D:1      | Received a gift from Nemelex Xobeh
   579 | D:1      | Reached skill level 1 in Invocations
   740 | D:2      | Noticed Terence
   756 | D:2      | Killed Terence
   756 | D:2      | Reached XP level 3. HP: 29/29 MP: 2/4
   867 | D:2      | Found an iron altar of Okawaru.
  1210 | D:3      | Reached XP level 4. HP: 31/36 MP: 5/5
  1221 | D:3      | Reached skill level 4 in Stealth
  1338 | D:2      | HP: 1/36 [killer bee[the player character] (4)]
  1339 | D:2      | Slain by a killer bee

Skill      XL: |  1  2  3  4 |
---------------+-------------+-----
Invocations    | 1 2 |  2.4
Short Blades   | 3 |  3.3
Stealth        | 4 |  4.0
Fighting       | |  2.1
Throwing       | |  1.7
Dodging        | |  0.8

Action                   |  1- 3 |  4- 6 || total
-------------------------+-------+-------++-------
Melee: Dagger            |    71 |    21 ||    92
       Tailslap          |    10 |     3 ||    13
Evoke: Deck              |     2 |     1 ||     3
 Stab: Sleeping          |     8 |     2 ||    10
  Eat: Chunk             |       |     1 ||     1
Armor: Skin              |    17 |     2 ||    19
Dodge: Dodged            |    25 |     9 ||    34
